AoeStats
← Bob

Arena

507777524Analyzed
1v1 RM · 12d ago on Sep 19, 2026· 56m 18s· 2 players
Game mode
Random Map
Map size
Tiny (2 player)
Population
200
Speed
Normal
Resources
Standard
Victory
Conquest
Starting age
Dark Age
Ending age
Imperial Age
RankedLock teamsTeams togetherTeam positionsShared explorationLock speedFull tech treeHidden civsTurbo modeCheats
Victory
Defeat
🇹🇼 Portuguese · Taiwan
869
+15
🇺🇸 Malay · United States
854
-15
Bob
7:21 Loom
11:01 Feudal Age
17:39 Castle Age
21:02 Forging
24:00 Wheelbarrow
23:30 Man-at-Arms
26:18 Long Swordsman
27:43 Horse Collar
27:51 Pikeman
36:43 Iron Casting
38:27 Hand Cart
39:37 Double-Bit Axe
47:13 Imperial Age
46:08 Two-Handed Swordsman
47:28 Conscription
48:43 Blast Furnace
51:38 Halberdier
goodlevis0206
9:43 Loom
11:51 Feudal Age
13:25 Double-Bit Axe
16:27 Castle Age
14:33 Stone Mining
14:36 Gold Mining
15:12 Stone Mining
16:17 Horse Collar
19:00 Bow Saw
21:31 Pikeman
30:16 Wheelbarrow
33:41 Imperial Age
31:51 Stone Shaft Mining
31:53 Fletching
32:03 Padded Archer Armor
32:04 Scale Mail Armor
32:09 Scale Barding Armor
33:09 Treadmill Crane
35:40 Hand Cart
36:26 Heavy Plow
37:43 Chemistry
38:56 Halberdier
40:26 Chain Mail Armor
40:21 Forging
40:07 Bodkin Arrow
40:29 Cavalier
41:10 Husbandry
41:20 Bloodlines
41:41 Conscription
42:05 Arquebus
45:43 Two-Man Saw
46:15 Elite Organ Gun
48:39 Ballistics
55:47 Bracer
56:03 Leather Archer Armor
56:18 Plate Mail Armor
56:24 Iron Casting
56:09 Chain Barding Armor
Connection lost

Rejoining the realm…

Still unreachable

The connection could not be restored.

Session expired

The server has moved on; the page needs a fresh start.